 Dungeon Crawl Stone Soup version 0.28-a0-529-g3bad584f25 (webtiles) character file.

Game seed: 1557652709651746502

0 spiderkeys the Skirmisher (level 1, -18/23 HPs)
             Began as a Gnoll Abyssal Knight on Sept 24, 2021.
             Was a Follower of Lugonu.
             Engulfed by a fire crab (shapeshifter)'s flame (30 damage)
             ... on level 1 of the Abyss.
             The game lasted 00:00:25 (224 turns).

spiderkeys the Skirmisher (Gnoll Abyssal Knight)     Turns: 224, Time: 00:00:25

Health: -18/23     AC:  3    Str: 12    XL:     1   Next: 0%
Magic:  3/3        EV: 12    Int:  9    God:    Lugonu [*.....]
Gold:   6          SH:  0    Dex: 12    Spells: 0/0 levels left

rFire   . . .      SeeInvis .   a - +1 spear
rCold   . . .      Faith    .   (no shield)
rNeg    . . .      Spirit   .   b - +0 leather armour
rPois   .          Reflect  .   (no helmet)
rElec   .          Harm     .   (no cloak)
rCorr   .          Rampage  .   (no gloves)
Will    .....                   (no boots)
Stlth   +.........              (no amulet)
HPRegen 0.07/turn               (no ring)
MPRegen 0.08/turn               (no ring)

@: no status effects
A: fangs 1, strong nose, distributed training
a: Renounce Religion, Depart the Abyss


You were on level 1 of the Abyss.
You worshipped Lugonu.
Lugonu was aware of your devotion.
You visited 0 branches of the dungeon, and saw 0 of its levels.
You visited the Abyss 1 time.

You collected 6 gold pieces.


Innate Abilities, Weirdness & Mutations

You have very sharp teeth.
Your uncanny sense of smell can sniff out nearby items.
Your experience applies equally to all skills.


   Skills:
 + Level 6.4 Fighting
 + Level 0.0 Short Blades
 + Level 0.0 Long Blades
 + Level 0.0 Axes
 + Level 0.0 Maces & Flails
 + Level 4.4 Polearms
 + Level 0.0 Staves
 + Level 0.0 Slings
 + Level 0.0 Bows
 + Level 0.0 Crossbows
 + Level 0.0 Throwing
 + Level 4.4 Armour
 + Level 2.3 Dodging
 + Level 0.0 Stealth
 + Level 0.0 Shields
 + Level 0.0 Unarmed Combat
 + Level 0.0 Spellcasting
 + Level 0.0 Conjurations
 + Level 0.0 Hexes
 + Level 0.0 Summonings
 + Level 0.0 Necromancy
 + Level 0.0 Translocations
 + Level 0.0 Transmutations
 + Level 0.0 Fire Magic
 + Level 0.0 Ice Magic
 + Level 0.0 Air Magic
 + Level 0.0 Earth Magic
 + Level 0.0 Poison Magic
 + Level 4.4 Invocations
 + Level 0.0 Evocations


You couldn't memorise any spells.
You didn't know any spells.
Your spell library was empty.

Inventory:

Hand Weapons
 a - a +1 spear (weapon)
Armour
 b - a +0 leather armour (worn)

Dungeon Overview and Level Annotations

Branches:
Dungeon (0/15)

Altars:

#.# .#≈ #. .#.##
##.##... ###
###.#X#..#
#.###..#.w#w... #
###.#..####.. ..
#.. ##.......#.k#
####
#....##○#...○tX#.
#...
#.○○@##☼○.##.#.
...#
##.##○○##.###
##..#.
#.○○####... #. #.
#..○○# .....#
#.#. ....○# . .##
. #. §...# .. .#
# #..# .# .# #X#
..


There were no monsters in sight!


Message History

🤖 Initializing magus.rc ...
Options error: Delay interrupt name "hungry" not recognised. (~/.crawlrc:4988) ✅ Successfully initialized magus.rc [v1.9.10] Welcome, spiderkeys the Gnoll Abyssal Knight.
It is said that the Orb of Zot exists deep within this dungeon.
Lugonu says: Depart the Abyss and spread corruption, my servant! (use the ability menu to exit the Abyss) Press ? for a list of commands and other information.
Found a corrupted altar of Lugonu.
Found a corrupted altar of Lugonu.
Unknown command.
You now have 6 gold pieces.
Found a gateway leading out of the Abyss.
A starcursed mass comes into view.
A starcursed mass splits.
A starcursed mass splits.
A red very ugly thing comes into view.
The red very ugly thing gurgles horribly!
A tentacled starspawn comes into view.
Tentacles burst from the starspawn's body!
A yaktaur comes into view. 2 starspawn tentacles come into view.
The yaktaur shouts!
The starspawn tentacle grabs you.
The starspawn tentacle constricts you. 😕 HP[-3]
You take 3 damage, and now have 20/23 hp.
You escape the starspawn tentacle's grasp.
The yaktaur hits you!
* * * LOW HITPOINT WARNING * * *
😨 HP[-9]
You take 9 damage, and now have 11/23 hp.
MASSIVE DAMAGE!! (PAUSE)
You barely miss the yaktaur. The yaktaur closely misses you.
Tentacles burst from the starspawn's body!
The yaktaur misses you. 2 starspawn tentacles come into view.
The starspawn tentacle closely misses you.
The yaktaur changes into a wind drake! 😮 HP[+1] Tentacles burst from the starspawn's body! 2 starspawn tentacles come into view.
The wind drake begins repelling missiles!
The wind drake changes into a fire crab!
The fire crab breathes flames at you. The blast of flame misses you.
You are engulfed in blazing flames.
Ouch! That really hurt!
You die...

Action                   || total
-------------------------++-------
Melee: Spear             ||     1
Dodge: Dodged            ||     4

Levels and vault maps discovered:
Abyss:1:  base: Temple, base: Temple, minivault_4, minivault_4

Notes
Turn   | Place    | Note
-------+----------+-------------------------------------------
     0 | Abyss:1  | spiderkeys the Gnoll Abyssal Knight began the quest for the
                  | Orb.
     0 | Abyss:1  | Reached XP level 1. HP: 23/23 MP: 3/3
     0 | Abyss:1  | magus.rc [v1.9.10]
     1 | Abyss:1  | Found a corrupted altar of Lugonu.
   165 | Abyss:1  | Noticed a starcursed mass
   176 | Abyss:1  | Noticed a red very ugly thing
   196 | Abyss:1  | Noticed a tentacled starspawn
   198 | Abyss:1  | Noticed a yaktaur
   213 | Abyss:1  | Noticed a wind drake
   213 | Abyss:1  | a yaktaur changed into a wind drake
   220 | Abyss:1  | Noticed a fire crab
   220 | Abyss:1  | a wind drake changed into a fire crab
   224 | Abyss:1  | Engulfed by a fire crab (shapeshifter)'s flame

Vanquished Creatures (others)
  6 starspawn tentacles (Abyss:1)
6 creatures vanquished.

Table legend:
 A = Non-vault XP
 B = Vault XP
 C = Vault XP percentage of total XP
 D = Non-vault monster count
 E = Vault monster count
 F = Vault count percentage of total count
                 A         B        C        D         E       F
            +---------+---------+-------+---------+---------+-------
      Total |       0 |       0 |   N/A |       0 |       0 |  -nan
            +---------+---------+-------+---------+---------+-------
            +---------+---------+-------+---------+---------+-------

Illustrated notes

Table legend: (Time is in decaauts)
 A = Elapsed time spent in this place.
 B = Non-inter-level travel time spent in this place.
 C = Inter-level travel time spent in this place.
 D = Time resting spent in this place.
 E = Time spent auto-exploring this place.
 F = Levels seen in this place.
 G = Mean time per level.
                   A        B        C        D        E       F      G
               +--------+--------+--------+--------+--------+-----+--------+
         Total |    223 |    223 |      0 |      0 |    163 |   1 |  223.0 |
         Abyss |    223 |    223 |      0 |      0 |    163 |   1 |  223.0 |
               +--------+--------+--------+--------+--------+-----+--------+

Top non-repeatable levels by time:
 Abyss:1: 223 daAuts
